 Dungeon Crawl Stone Soup version 0.28-a0-1206-g193881aaa2 (webtiles) character file.

Game seed: 3542772184414425271

162 freelancePsychic the Chopper (level 5, -1/44 HPs)
             Began as a Palentonga Abyssal Knight on Dec 21, 2021.
             Was a Believer of Lugonu.
             Killed by divine providence
             ... invoked by an orc priest
              (14 damage)
             ... on level 3 of the Dungeon.
             The game lasted 00:04:02 (2074 turns).

freelancePsychic the Chopper (PaAK)                 Turns: 2074, Time: 00:04:02

Health: -1/44      AC:  5    Str: 19    XL:     5   Next: 19%
Magic:  7/7        EV:  9    Int: 10    God:    Lugonu [**....]
Gold:   116        SH:  0    Dex: 10    Spells: 4/4 levels left

rFire   . . .      SeeInvis +   a - +2 hand axe
rCold   . . .      Faith    .   (no shield)
rNeg    . . .      Spirit   .   b - +0 leather armour
rPois   .          Reflect  .   (no helmet)
rElec   .          Harm     .   h - +0 cloak
rCorr   .          Rampage  .   (no gloves)
Will    .....                   (no barding)
Stlth   +.........              (no amulet)
HPRegen 0.14/turn               (no ring)
MPRegen 0.10/turn               (no ring)

@: no status effects
A: large, rugged brown scales 3, see invisible, deformed body, roll 1, armoured
tail
a: Rolling Charge, Renounce Religion, Depart the Abyss, Bend Space


You were on level 3 of the Dungeon.
You worshipped Lugonu.
Lugonu was pleased with you.
You visited 1 branch of the dungeon, and saw 3 of its levels.
You visited the Abyss 1 time.

You collected 116 gold pieces.

Inventory:

Hand Weapons
 a - a +2 hand axe (weapon)
Missiles
 k - 2 silver boomerangs
Armour
 b - a +0 leather armour (worn)
 h - a +0 cloak (worn)
 i - a +0 plate armour
Jewellery
 j - a ring of fire
Potions
 c - a potion of mutation {unknown}
 f - a potion of curing {unknown}
 g - a potion of flight {unknown}


   Skills:
 + Level 3.9 Fighting
 * Level 4.1 Axes
 - Level 1.5 Armour
 - Level 0.7 Dodging
 + Level 3.3 Invocations


You had 4 spell levels left.
You didn't know any spells.
Your spell library contained the following spells:

 Spells                   Type           Power      Damage    Failure   Level
 Ensorcelled Hibernation  Hex/Ice        0%         N/A       56%         2
 Tukima's Dance           Hex            0%         N/A       80%         3


Dungeon Overview and Level Annotations

Branches:
Dungeon (3/15)

Altars:
Ashenzari


Innate Abilities, Weirdness & Mutations

You are completely covered in rugged brown scales. (AC +3, +7% HP)
You have supernaturally acute eyesight. (SInv)
Armour fits poorly on your strangely shaped body.
You can roll at nearby foes to attack.
You have a long armoured tail.


Message History

The orc hits you with a +0 falchion.
You hit the orc.
The orc is severely wounded.
You slash the orc!
You kill the orc!
Lugonu accepts your kill. The orc wizard casts a spell at you.
The puff of flame hits you.
You roll forward with a clatter of scales!
You slash the orc wizard!
The orc wizard is severely wounded.
The orc wizard hits you but does no damage.
You hit the orc wizard.
You kill the orc wizard!
Lugonu accepts your kill.
The orc priest mumbles some strange prayers to Beogh against you.
Beogh smites you!
Your Axes skill increases to level 4!
You have reached level 5!
You start resting.
An orc is nearby!
You hit the orc.
The orc is moderately wounded.
The orc hits you but does no damage.
You hit the orc but do no damage.
The orc is moderately wounded.
The orc barely misses you.
You closely miss the orc. You tail-slap the orc.
You kill the orc!
Lugonu accepts your kill.
You hit the orc priest.
The orc priest is moderately wounded.
The orc priest invokes the aid of Beogh against you.
Pain shoots through your body!
* * * LOW HITPOINT WARNING * * *
You closely miss the orc priest.
The orc priest is moderately wounded.
The orc priest calls down the wrath of Beogh upon you.
Beogh smites you!
You die...

#...# #........#
###.#
#######......<.# .#
#..............#
#.......(......#
#..............#
##....).######### .##
#.......# ..##
#....)..#
...###.oo@...#
##..#..)###### ....
#..........####
....##.##..........#
.......#.รท.........#
.#.................#
...................#
.o..........o......#
....o.ooh..........#


You could see an orc priest and an orc.

Vanquished Creatures
  An orc wizard (D:3)
  Natasha (twice) (D:3 D:2)
  3 adders
  3 dart slugs
  3 orcs (D:3)
  3 bats
  5 endoplasms
  2 giant cockroaches (D:2)
  5 goblins
  4 hobgoblins
  4 jackals (D:2)
  A quokka (D:3)
  5 ball pythons
  3 frilled lizards
  3 kobolds
  4 rats
51 creatures vanquished.

Notes
Turn   | Place    | Note
-------+----------+-------------------------------------------
     0 | Abyss:1  | freelancePsychic the Palentonga Abyssal Knight began the
                  | quest for the Orb.
     0 | Abyss:1  | Reached XP level 1. HP: 19/19 MP: 2/2
   112 | Abyss:1  | Found a broken altar of Ashenzari.
   115 | D:1      | Escaped the Abyss
   150 | D:1      | You fall into a shaft and drop 1 floor!
   180 | D:2      | Reached XP level 2. HP: 7/25 MP: 3/3
   453 | D:2      | Reached XP level 3. HP: 31/31 MP: 4/4
   455 | D:2      | Reached ** piety under Lugonu
   507 | D:1      | Reached skill level 3 in Axes
  1081 | D:2      | Found a broken altar of Ashenzari.
  1101 | D:2      | Found a faded altar of an unknown god.
  1485 | D:3      | Reached XP level 4. HP: 37/37 MP: 6/6
  1491 | D:3      | Noticed Natasha
  1504 | D:3      | Killed Natasha
  1706 | D:3      | Noticed Natasha
  1932 | D:2      | Killed Natasha
  2066 | D:3      | Reached skill level 4 in Axes
  2066 | D:3      | Reached XP level 5. HP: 19/44 MP: 7/7
  2074 | D:3      | Killed from afar by an orc priest

Illustrated notes

Levels and vault maps discovered:
D:1:      matt_arrival_refuge, layout_rooms, minmay_misc_feat_encased
D:2:      layout_rooms, hellmonk_ecumenical_altar_pennies_from_heaven,
          basic_altar, solitary_fountain
D:3:      layout_rooms, doesnt_xom_only_xom, uniq_jessica, uniq_ijyb,
          uniq_natasha

Skill      XL: |  1  2  3  4 |
---------------+-------------+-----
Axes           | 3 4 |  4.1
Invocations    | 3 |  3.3
Fighting       | |  3.9
Armour         | |  1.5
Dodging        | |  0.7

Action                   |  1- 3 |  4- 6 || total
-------------------------+-------+-------++-------
Melee: Hand axe          |    77 |    35 ||   112
       Tailslap          |     5 |     1 ||     6
 Abil: Rolling Charge    |    28 |     8 ||    36
  Use: Scroll            |     1 |     4 ||     5
Armor: Leather armour    |    37 |    10 ||    47
Dodge: Dodged            |    32 |    14 ||    46

Table legend: (Time is in decaauts)
 A = Elapsed time spent in this place.
 B = Non-inter-level travel time spent in this place.
 C = Inter-level travel time spent in this place.
 D = Time resting spent in this place.
 E = Time spent auto-exploring this place.
 F = Levels seen in this place.
 G = Mean time per level.
                   A        B        C        D        E       F      G
               +--------+--------+--------+--------+--------+-----+--------+
         Total |   2100 |   2031 |     69 |    556 |   1158 |   4 |  525.0 |
       Dungeon |   1985 |   1916 |     69 |    456 |   1149 |   3 |  661.7 |
         Abyss |    115 |    115 |      0 |    100 |      9 |   1 |  115.0 |
               +--------+--------+--------+--------+--------+-----+--------+

Top non-repeatable levels by time:
     D:2: 1071 daAuts
     D:1: 597 daAuts
     D:3: 316 daAuts
 Abyss:1: 115 daAuts
